Map: [ESL] Inside and Out

Players

LiquidElazer (Elazer) - Winner!

  • Race: Zerg Zerg
  • Spawn Location: 7:00

Reynor

  • Race: Zerg Zerg
  • Spawn Location: 1:00

Event: HomeStory Cup XXI

VOD

Have the link to the VOD?

Description

Time

  • Played on: July 23, 2022, 5:31 p.m.
  • Length: 13:49

All games in this series

Show
View Real Time Build Order
Export as new Build Order

LiquidElazer Zerg - Winner!

Build Orders: Hatch First 

Get SALT Encoding   

  12  0:00  Drone  
  13  0:12  Overlord  
  13  0:16  Drone  
  14  0:30  Drone x2  
  16  0:47  Hatchery  
  15  0:50  Drone  
  15  0:54  Drone  
  17  0:57  Drone  
  18  1:08  Extractor  
  17  1:12  Spawning Pool  
  17  1:15  Drone  
  17  1:18  Drone  
  18  1:28  Drone  
  19  1:38  Drone  
  20  1:49  Drone  
  21  1:58  Queen x2  
  21  1:59  Overlord, Zergling x2  
  26  2:08  Metabolic Boost  
  26  2:09  Drone  
  26  2:10  Drone  
  28  2:21  Drone x2  
  30  2:31  Zergling x2  
  30  2:32  Drone  
  32  2:37  Hatchery  
  32  2:43  Drone  
  32  2:48  Baneling Nest  
  32  2:49  Overlord  
  31  2:54  Drone x2  
  33  3:05  Overlord, Drone  
  34  3:07  Drone x3  
  34  3:10  Zergling x2  
  38  3:14  Zergling x4  
  38  3:17  Zergling x4  
  42  3:28  Zergling x4  
  42  3:30  Queen  
  46  3:40  Zergling x12  
  45  3:49  Zergling x2  
  45  3:50  Zergling x4  
  48  4:05  Drone x4  
  48  4:06  Overlord  
  52  4:10  Baneling x2, Hatchery  
  51  4:21  Zergling x2  
  52  4:25  Overlord  
  52  4:28  Drone x2  
  52  4:39  Drone x2  
  52  4:44  Queen x2  
  58  4:46  Overlord  
  58  4:47  Evolution Chamber, Baneling x2  
  57  4:53  Drone  
  57  4:57  Extractor  
  57  4:59  Baneling x2  
  57  5:00  Roach Warren  
  57  5:03  Drone x3  
  59  5:10  Drone x3  
  62  5:14  Extractor  
  62  5:16  Drone  
  61  5:28  Overlord  
  61  5:29  Overlord  
  61  5:32  Overlord  
  61  5:33  Zerg Ground Armor Level 1  
  55  5:42  Roach x7  
  73  5:50  Roach x2  
  71  5:57  Drone x6  
  71  5:59  Drone x2  
  79  6:06  Roach x3  
  79  6:10  Roach x2  
  88  6:12  Spine Crawler  
  87  6:19  Overlord, Lair  
  87  6:21  Roach x2  
  92  6:26  Roach x2  
  92  6:31  Drone  
  92  6:32  Overlord  
  97  6:40  Drone x3  
  97  6:41  Drone x4  
  97  6:43  Drone  
  105  6:47  Overlord  
  105  6:49  Pneumatized Carapace  
  105  6:53  Drone x4  
  109  6:57  Overlord  
  109  6:59  Extractor  
  109  7:00  Extractor  
  113  7:01  Roach x3  
  113  7:04  Overlord  
  113  7:11  Roach  
  113  7:12  Roach x3  
  121  7:17  Glial Reconstitution  
  121  7:20  Overlord  
  121  7:27  Roach x5  
  131  7:33  Roach  
  131  7:34  Roach x2  
  137  7:41  Zerg Missile Weapons Level 1, Drone  
  137  7:42  Extractor  
  137  7:43  Drone  
  137  7:44  Drone x4  
  140  7:45  Drone  
  140  7:49  Ravager, Overlord  
  140  7:50  Roach  
  146  7:53  Overseer  
  146  7:59  Overlord  
  146  8:01  Drone  
  146  8:07  Overlord x2  
  146  8:08  Roach x4  
  154  8:13  Hatchery  
  154  8:19  Drone  
  154  8:20  Hydralisk Den  
  154  8:25  Roach x4  
  161  8:31  Overlord  
  161  8:36  Roach x7  
  175  8:46  Roach  
  177  8:50  Overlord x2  
  177  8:51  Roach  
  177  8:52  Roach x3  
  179  9:06  Grooved Spines, Hydralisk x3  
  185  9:17  Hydralisk x7  
  197  9:29  Overlord, Ravager  
  197  9:30  Hydralisk  
  200  9:35  Spore Crawler  
  200  9:36  Spore Crawler  
  200  9:37  Spore Crawler  
  197  9:44  Zerg Missile Weapons Level 2  
  197  9:48  Drone x3  
  182  10:01  Roach x4  
  182  10:02  Roach x7  
  192  10:10  Roach x3  
  192  10:13  Roach  
  186  10:17  Muscular Augments  
  186  10:21  Roach  
  173  10:29  Roach x6  
  173  10:37  Hatchery  
  173  10:41  Roach x5  
  170  10:54  Roach x6  
  182  11:02  Roach x4  
  190  11:10  Roach x4  
  188  11:20  Roach  
  188  11:21  Roach x3  
  182  11:25  Roach  
  182  11:26  Roach x2  
  159  11:36  Roach x5  
  155  11:44  Roach  
  155  11:45  Roach x4  
  149  11:51  Roach x3  
  145  11:58  Roach  
  145  11:59  Roach x3  
  153  12:07  Roach x4  
  161  12:13  Roach x2  
  165  12:16  Ravager  
  165  12:20  Ravager x2  
  168  12:23  Roach x3  
  174  12:31  Roach  
  174  12:32  Roach x3  
  162  12:46  Roach  
  162  12:47  Roach x7  
  178  12:52  Ravager  
  178  12:57  Roach x3  
  185  13:03  Roach x3  
  191  13:11  Roach  
  191  13:12  Roach x3  
Show
View Real Time Build Order
Export as new Build Order

Reynor Zerg 

Build Orders: Hatch First 

Get SALT Encoding   

  12  0:00  Drone  
  13  0:12  Overlord  
  13  0:17  Drone  
  14  0:30  Drone x2  
  16  0:48  Hatchery  
  15  0:51  Drone  
  15  0:54  Drone  
  17  0:58  Drone  
  18  1:05  Extractor  
  17  1:13  Spawning Pool  
  17  1:16  Drone  
  17  1:20  Drone  
  18  1:28  Drone  
  19  1:39  Drone  
  20  1:52  Drone  
  21  2:00  Queen x2  
  26  2:01  Zergling x2  
  26  2:03  Drone  
  26  2:05  Metabolic Boost  
  27  2:12  Overlord  
  27  2:13  Drone  
  28  2:30  Zergling x2  
  28  2:31  Drone  
  28  2:32  Drone  
  31  2:38  Hatchery  
  31  2:40  Drone  
  31  2:43  Zergling x2  
  32  2:44  Zergling x2  
  33  2:53  Overlord  
  33  2:55  Zergling x2  
  34  3:04  Zergling x4  
  36  3:09  Baneling Nest  
  36  3:10  Zergling x2  
  36  3:12  Drone  
  37  3:13  Zergling x6  
  37  3:16  Overlord  
  37  3:19  Drone  
  41  3:21  Drone  
  42  3:29  Overlord  
  42  3:33  Drone  
  43  3:40  Overlord  
  43  3:44  Zergling x4  
  43  3:45  Drone  
  40  3:48  Queen  
  40  3:54  Zergling x4  
  40  3:55  Zergling x4  
  44  3:58  Zergling x2  
  44  4:02  Zergling x2  
  44  4:04  Baneling x4  
  44  4:07  Zergling x4  
  46  4:12  Baneling  
  46  4:14  Zergling x4  
  47  4:18  Zergling x6  
  47  4:22  Overlord  
  47  4:23  Drone  
  50  4:32  Drone x3  
  50  4:35  Drone x3  
  56  4:39  Drone  
  56  4:40  Drone  
  58  4:47  Drone  
  58  4:48  Drone  
  58  4:49  Roach Warren  
  59  4:54  Drone x2  
  61  5:00  Extractor  
  61  5:03  Drone x2  
  61  5:04  Evolution Chamber, Drone  
  62  5:07  Overlord, Drone  
  62  5:09  Drone x2  
  62  5:13  Overlord  
  60  5:29  Baneling x2  
  60  5:32  Roach x5  
  60  5:35  Roach x2  
  73  5:36  Drone x2  
  73  5:37  Drone x3  
  73  5:41  Overlord  
  73  5:42  Drone x2  
  80  5:43  Drone, Extractor  
  79  5:50  Overlord  
  79  5:53  Drone x2  
  80  5:57  Baneling x2  
  80  5:58  Overlord  
  80  6:00  Drone  
  80  6:02  Zerg Missile Weapons Level 1  
  80  6:04  Drone  
  82  6:05  Drone x2  
  82  6:06  Drone  
  82  6:11  Drone x5  
  88  6:16  Roach x2, Spine Crawler  
  93  6:19  Drone  
  93  6:20  Extractor  
  93  6:21  Roach x2  
  98  6:26  Extractor  
  98  6:28  Drone  
  98  6:29  Lair  
  98  6:33  Roach  
  98  6:35  Spine Crawler, Queen  
  98  6:36  Roach  
  98  6:37  Spine Crawler  
  98  6:38  Roach  
  103  6:41  Roach  
  103  6:42  Drone  
  103  6:45  Roach  
  108  6:49  Roach, Zergling x6  
  108  6:50  Zergling x4  
  108  6:52  Roach  
  108  6:54  Baneling x2  
  117  6:57  Roach  
  117  6:58  Overlord  
  119  7:11  Drone  
  119  7:12  Extractor, Overlord x3  
  119  7:15  Overlord x2  
  121  7:22  Roach x4  
  129  7:23  Overlord  
  129  7:28  Roach  
  129  7:29  Glial Reconstitution, Overlord  
  128  7:31  Roach x5  
  128  7:36  Roach  
  140  7:41  Spire, Drone  
  140  7:50  Roach x2  
  144  7:53  Roach x2  
  148  7:59  Zerg Missile Weapons Level 2, Hatchery  
  148  8:01  Roach x2  
  148  8:02  Roach  
  148  8:05  Overlord  
  153  8:10  Roach x3  
  159  8:17  Overlord  
  159  8:19  Roach x4  
  164  8:39  Drone  
  165  8:42  Spore Crawler  
  163  8:56  Mutalisk x7  
  175  9:13  Roach x6  
  175  9:14  Roach x5  
  197  9:20  Zerg Flyer Weapons Level 1  
  197  9:28  Roach  
  197  9:29  Overseer  
  197  9:31  Overseer  
  199  9:42  Spore Crawler  
  199  9:43  Extractor  
  195  9:53  Roach x2  
  179  10:01  Roach x11  
  179  10:03  Roach  
  184  10:09  Roach x4  
  184  10:10  Roach x2  
  183  10:16  Roach x2  
  183  10:20  Roach x2  
  179  10:23  Roach x3  
  179  10:25  Queen  
  175  10:31  Roach  
  170  10:35  Roach x2  
  170  10:36  Roach x2  
  170  10:39  Roach  
  172  10:44  Ravager  
  172  10:45  Drone x3  
  176  10:50  Ravager  
  175  11:02  Queen, Drone x3  
  180  11:06  Roach  
  175  11:12  Roach x2  
  179  11:18  Overlord  
  179  11:21  Overlord  
  164  11:30  Roach x3  
  152  11:33  Roach  
  152  11:38  Roach  
  142  11:45  Roach x2  
  136  11:47  Roach  
  136  11:50  Roach  
  136  11:53  Roach  
  130  11:56  Ravager x3  
  130  11:57  Ravager  
  130  12:00  Drone  
  135  12:09  Ravager  
  135  12:10  Roach x3  
  135  12:12  Roach  
  135  12:15  Roach  
  146  12:17  Ravager  
  146  12:18  Roach  
  146  12:21  Roach  
  151  12:29  Drone x2, Ravager  
  155  12:30  Drone x2  
  155  12:32  Drone  
  116  12:45  Roach x3  
  116  12:46  Roach x2  
  116  12:50  Drone  
  125  12:53  Ravager x2  
  125  12:55  Drone x3  
  125  12:56  Extractor  
  125  12:57  Ravager  
  131  12:58  Drone  
  131  13:01  Ravager  
  132  13:06  Roach x2  
  132  13:10  Roach  
  132  13:12  Roach  
  138  13:20  Roach x3  
  138  13:26  Roach x2  
Tags
 
Add a new tag
Caveats
  • Supply blocks, unpowered buildings, or Contaminate may cause inaccurate times.
  • Supply counts are checked every 10 seconds.